AoeStats
← Zen Chriss

Arena

508502629Analyzed
1v1 RM · 11d ago on Sep 22, 2026· 61m 1s· 2 players
Game mode
Random Map
Map size
Tiny (2 player)
Population
200
Speed
Normal
Resources
Standard
Victory
Conquest
Starting age
Dark Age
Ending age
Imperial Age
RankedLock teamsTeams togetherTeam positionsShared explorationLock speedFull tech treeHidden civsTurbo modeCheats
Victory
Defeat
🇨🇿 Vikings · Czechia
1057
+16
🇺🇸 Vietnamese · United States
1059
-16
Zen Chriss
10:28 Feudal Age
12:20 Loom
15:15 Castle Age
13:29 Double-Bit Axe
14:15 Horse Collar
17:58 Bow Saw
20:36 Town Watch
22:30 Heavy Plow
22:45 Fletching
23:50 Padded Archer Armor
23:14 Crossbowman
23:28 Crossbowman
24:15 Bodkin Arrow
27:30 Ballistics
31:24 Imperial Age
32:53 Arbalester
33:35 Bracer
33:50 Leather Archer Armor
37:06 Ring Archer Armor
36:46 Bogsveigar
41:39 Light Cavalry
42:31 Forging
42:21 Scale Mail Armor
42:50 Squires
43:44 Hoardings
51:15 Chain Mail Armor
51:07 Scale Barding Armor
51:37 Iron Casting
53:36 Elite Varangian Guard
56:20 Two-Man Saw
56:58 Blast Furnace
57:18 Man-at-Arms
58:09 Long Swordsman
58:52 Two-Handed Swordsman
59:19 Arson
Vanguard890
11:05 Feudal Age
14:44 Castle Age
14:08 Double-Bit Axe
14:25 Horse Collar
16:22 Bow Saw
21:31 Wheelbarrow
20:43 Loom
20:46 Town Watch
21:21 Heavy Plow
24:04 Hand Cart
25:36 Stone Mining
25:36 Gold Mining
29:28 Imperial Age
28:33 Forging
28:24 Scale Mail Armor
28:48 Ballistics
28:46 Fletching
30:00 Squires
29:46 Arson
31:00 Bodkin Arrow
32:08 Chemistry
30:40 Elite Skirmisher
31:55 Chain Mail Armor
32:41 Iron Casting
34:54 Plate Mail Armor
34:27 Padded Archer Armor
35:14 Imperial Skirmisher
38:46 Leather Archer Armor
48:10 Paper Money
53:50 Thumb Ring
Connection lost

Rejoining the realm…

Still unreachable

The connection could not be restored.

Session expired

The server has moved on; the page needs a fresh start.